 Dungeon Sprint DCSS version 0.31-a0-983-g7b6862f502 (webtiles) character file.

Game seed: 11871455588024779239

109 rocky1 the Spear-Bearer (level 4, -2/40 HPs)
             Began as a Minotaur Gladiator on Nov 3, 2023.
             Slain by a human
             ... wielding a +0 hand axe
              (14 damage)
             ... in the Dungeon (Sprint III: "The Ten Rune Challenge").
             The game lasted 00:01:22 (269 turns).

rocky1 the Spear-Bearer (Minotaur Gladiator)         Turns: 269, Time: 00:01:23

Health: -2/40      AC:  7    Str: 20    XL:     4   Next: 59%
Magic:  3/3        EV: 14    Int:  5    God:
Gold:   10         SH:  0    Dex: 12    Spells: 3/3 levels left

rFire   . . .        a - +0 trident
rCold   . . .        (no shield)
rNeg    . . .        b - +0 leather armour
rPois   .            c - +0 hat
rElec   .            (no cloak)
rCorr   .            (no gloves)
SInv    .            (no boots)
Will    .....        (no amulet)
Stlth   +            l - +4 ring of protection
HPRegen 0.26/turn    (no ring)
MPRegen 0.08/turn

%: no teleportation
@: hasted, very quick
A: horns 2, retaliatory headbutt
a: no special abilities


You were in the Dungeon.
You visited 1 branch You collected 10 gold pieces.

Inventory:

Hand Weapons
 a - a +0 trident (weapon)
Missiles
 d - 3 throwing nets (quivered)
 e - a javelin
Armour
 b - a +0 leather armour (worn)
 c - a +0 hat (worn)
Jewellery
 l - a +4 ring of protection (left hand)
Scrolls
 k - a scroll of blinking
 m - a scroll of fear
 o - a scroll of immolation
Potions
 f - 2 potions of curing
 g - a potion of heal wounds
 i - 2 potions of magic
 n - 3 potions of mutation
 q - 2 potions of enlightenment {flight, unknown}


   Skills:
 + Level 4.1 Fighting
 * Level 8.7 Polearms
 + Level 3.2 Throwing
 + Level 0.7 Armour
 + Level 6.3 Dodging


You had 3 spell levels left.
You didn't know any spells.
Your spell library was empty.

Dungeon Overview and Level Annotations

Branches:
Dungeon (1/1)

Altars:
Okawaru
Trog
Uskayaw
Wu Jian


Innate Abilities, Weirdness & Mutations

You have a pair of horns on your head.
You reflexively headbutt those who attack you in melee.


Message History

You start waiting.
You feel your anger nearly subside.
You are no longer berserk.
You are exhausted.
You feel yourself slow down.
You start waiting.
You feel yourself speed up.
You start waiting.
You recover from your berserk rage.
You start waiting.
There is a fountain of clear blue water here.
You open the door.
A human comes into view.
The human shouts!
Found a robe.
Found five altars.
You feel yourself speed up.
A human comes into view. It is wielding a +0 hand axe.
The human rages.
You miss the human. You headbutt the human!
The human is moderately wounded.
The human hits you but does no damage.
You barely miss the human.
The human is moderately wounded.
You closely miss the human.
The human is moderately wounded.
The human rages.
You barely miss the human. Your headbutt misses the human.
The human is moderately wounded.
You hit the human. You headbutt the human.
The human is heavily wounded.
The human hits you! The human hits you with a +0 hand axe!!
* * * LOW HITPOINT WARNING * * *
You are too injured to fight recklessly!
You are too injured to fight recklessly!
You are too injured to fight recklessly!
You are too injured to fight recklessly!
You are too injured to fight recklessly!
You hit the human but do no damage. Your headbutt misses the human.
The human is heavily wounded.
The human hits you with a +0 hand axe!
You die...

▓▓▓▓ ▓▓▓ ...♣♣ ♣ ♣.#
##### ....♣.♣ ♣.# #___
....♣.♣ ♣.# #__
....~.♣♣♣♣.###+#p###+##
...~~...♣..#...p@.....#
..~~~~♣♣.♣.'.⌠........#
..~≈≈~~~...#...######+#
.~~≈~~~....#.⌠.#
.~≈~~~.....#...#
.~~~.......#+###
....†......#
...........#
▓▓▓▓▓▓▓▓▓▓▓▓


You could see 2 humans.

Vanquished Creatures
  A water elemental (D)
  Jessica (D)
  A human (D)
  A phantom (D)
  An endoplasm (D)
  A rat (D)
6 creatures vanquished.

Notes
Turn   | Place    | Note
-------+----------+-------------------------------------------
     0 | D        | rocky1 the Minotaur Gladiator began the quest for the Orb.
     0 | D        | Reached XP level 1. HP: 18/18 MP: 0/0
     6 | D        | Reached skill level 4 in Polearms
    26 | D        | Noticed Jessica
    31 | D        | Killed Jessica
    32 | D        | Reached skill level 5 in Polearms
    32 | D        | Reached skill level 5 in Dodging
    32 | D        | Reached XP level 2. HP: 16/26 MP: 1/1
    98 | D        | Reached skill level 6 in Polearms
    98 | D        | Reached XP level 3. HP: 31/31 MP: 2/2
   168 | D        | Noticed a water elemental
   174 | D        | Killed a water elemental
   175 | D        | Reached skill level 8 in Polearms
   175 | D        | Reached XP level 4. HP: 40/40 MP: 3/3
   262 | D        | Found a hide-covered altar of Uskayaw.
   262 | D        | Found an iron altar of Okawaru.
   262 | D        | Found a bloodstained altar of Trog.
   262 | D        | Found an ornate altar of the Wu Jian Council.
   262 | D        | Noticed a human
   263 | D        | Noticed a human
   269 | D        | Slain by a human

Illustrated notes

Levels and vault maps discovered:
D:        dungeon_sprint_mu [sprint_mu_entry_forest, sprint_mu_temple_rooms,
          sprint_mu_d1_horrors, sprint_mu_d2_genie, sprint_mu_d3_branching,
          sprint_mu_orc_legion, sprint_mu_elf_gauntlet, sprint_mu_hive_nellie,
          sprint_mu_lair_fedhas, sprint_mu_vaults_butterflies,
          sprint_mu_slime_circle, sprint_mu_shoals_kraken,
          sprint_mu_snake_twists, sprint_mu_blade_basic,
          sprint_mu_crypt_fortress, sprint_mu_tomb_spiral,
          sprint_mu_vestibule_basic, sprint_mu_gehenna_hellfire,
          sprint_mu_dis_giant, sprint_mu_tartarus_statrot,
          sprint_mu_cocytus_islands, sprint_mu_zot1]

Skill      XL: |  1  2  3 |
---------------+----------+-----
Polearms       | 5 6 8 |  8.7
Fighting       | 3 4 |  4.1
Dodging        | 5 6 |  6.3
Throwing       | 3 |  3.2
Armour         | |  0.7

Action                     |  1- 3 |  4- 6 || total
---------------------------+-------+-------++-------
  Melee: Trident           |    27 |     6 ||    33
         Headbutt          |     3 |     2 ||     5
         Punch             |     1 |       ||     1
    Use: Scroll            |     3 |       ||     3
         Potion            |     1 |     1 ||     2
 Armour: Leather armour    |     7 |     4 ||    11
  Dodge: Dodged            |    10 |       ||    10

Table legend: (Time is in decaauts)
 A = Elapsed time spent in this place.
 B = Non-inter-level travel time spent in this place.
 C = Inter-level travel time spent in this place.
 D = Time resting spent in this place.
 E = Time spent auto-exploring this place.
 F = Levels seen in this place.
 G = Mean time per level.
                   A        B        C        D        E       F      G
               +--------+--------+--------+--------+--------+-----+--------+
         Total |    276 |    276 |      0 |    131 |     16 |   1 |  276.0 |
       Dungeon |    276 |    276 |      0 |    131 |     16 |   1 |  276.0 |
               +--------+--------+--------+--------+--------+-----+--------+

Top non-repeatable levels by time:
       D: 276 daAuts
